 Dungeon Crawl Stone Soup version 0.29.1-2-gbd0b4ee654 (webtiles) character file.

Game seed: 4780124150663835560

86 Groucho the Ducker (level 4, -1/22 HPs)
             Began as a Felid Fighter on Oct 30, 2022.
             Slain by a river rat (8 damage)
             ... in a sewer.
             The game lasted 00:04:17 (5812 turns).

Groucho the Ducker (Felid Fighter)                  Turns: 5812, Time: 00:04:17

Health: -1/22      AC:  3    Str: 12    XL:     4   Next: 27%
Magic:  7/7        EV: 19    Int: 11    God:
Gold:   58         SH:  0    Dex: 15    Spells: 6/6 levels left
                                        Lives:  0   Deaths: 1

rFire   . . .      SeeInvis +     - Unarmed
rCold   . . .      Faith    .   (shield unavailable)
rNeg    . . .      Spirit   .   (body armour unavailable)
rPois   .          Reflect  .   (helmet unavailable)
rElec   .          Harm     .   (cloak unavailable)
rCorr   .          Rampage  .   (gloves unavailable)
Will    .....      Clarity  +   (boots unavailable)
Stlth   ++........              (no amulet)
HPRegen 0.07/turn               (no ring)
MPRegen 0.10/turn               (no ring)

@: quick
A: very small, claws 1, fangs 3, see invisible, speed 1, shaggy fur 1, stealthy
paws, no weapons or thrown items, no armour, multi-lived, iridescent scales 1,
clarity
a: no special abilities


You were in a sewer.
You visited 1 branch of the dungeon, and saw 3 of its levels.
You also visited: Sewer.

You collected 58 gold pieces.

Inventory:

Jewellery
 i - a ring of flight
Scrolls
 b - a scroll of silence {unknown}
 d - a scroll of identify {unknown}
 e - a scroll of noise {unknown}
 g - a scroll of summoning {unknown}
 h - a scroll of immolation {unknown}
 k - a scroll of fear {unknown}
 l - a scroll of teleportation {unknown}
 n - a scroll of poison {unknown}
Potions
 a - a potion of might
 j - a potion of brilliance {unknown}
 m - a potion of ambrosia {unknown}
 o - a potion of heal wounds {unknown}


   Skills:
 + Level 3.7 Fighting
 + Level 5.0 Dodging
 + Level 2.8 Stealth
 + Level 4.5 Unarmed Combat
 + Level 1.7 Spellcasting


You had 6 spell levels left.
You didn't know any spells.
Your spell library was empty.

Dungeon Overview and Level Annotations

Branches:
Dungeon (3/15)              Sewer (1/1)

Altars:


Innate Abilities, Weirdness & Mutations

You have sharp claws.
You have razor-sharp teeth.
You have supernaturally acute eyesight. (SInv)
You cover ground quickly. (Speed+)
You are covered in fur. (AC +1)
Your paws help you pounce on unaware monsters.
You are incapable of wielding weapons or throwing items.
You cannot wear armour.
You gain extra lives every three experience levels.
You are partially covered in iridescent scales. (AC +2)
You possess an exceptional clarity of mind.


Message History

The ball python barely misses you. The ball python constricts you.
The adder misses you.
You closely miss the ball python. You bite the ball python.
You kill the ball python!
The adder barely misses you. The rat bites you.
You closely miss the adder. Your bite misses the adder.
The adder completely misses you.
The rat splashes around in the water.
The rat bites you but does no damage.
You miss the adder. You claw the adder.
The adder is heavily wounded.
The adder hisses angrily.
The adder bites you but does no damage. The rat bites you but does no damage.
The rat completely misses you. The rat closely misses you. The adder bites you.
You scratch the adder.
You kill the adder!
The river rat misses you. The rat completely misses you. x2
Your Dodging skill increases to level 5!
You claw the river rat!
The river rat is severely wounded.
A rat comes into view.
The river rat closely misses you. The rat misses you.
The rat bites you but does no damage. x2
You closely miss the river rat.
The river rat is severely wounded.
The rat closely misses you. The river rat closely misses you.
The rat misses you. The rat barely misses you.
The rat splashes around in the water.
You scratch the river rat but do no damage.
The river rat is severely wounded.
The rat closely misses you.
A river rat comes into view.
The river rat bites you.
You are too injured to fight recklessly!
You are too injured to fight recklessly!
You are too injured to fight recklessly!
You are too injured to fight recklessly!
The rat barely misses you. The adder closely misses you.
The adder barely misses you. The river rat bites you!
You die...

.....≈~......###.#
.....~~.......#..#
.....~~.........##
.....≈≈........##
.....≈~r......##
.....≈≈≈.rr...##
#....≈≈~r.r....#
##..≈r≈≈~rS....##
#..≈≈≈≈~.@†.#..#
r...≈≈≈≈~...###.#
....≈≈≈≈≈...###∩#
....~≈≈≈~....####
r.#≈≈≈≈≈....##
##≈≈≈≈~.....#
#≈≈≈≈≈≈.....##
#≈≈≈≈≈~......#
#≈≈≈≈≈≈≈.....#


You could see an adder, a river rat and 6 rats.

Vanquished Creatures
  5 adders
  5 river rats
  A worm (D:2)
  6 ball pythons
  3 endoplasms (D:1)
  A giant cockroach (D:3)
  6 goblins
  5 hobgoblins
  8 kobolds
  8 quokkas
  5 bats
  2 frilled lizards
  9 rats
64 creatures vanquished.

Notes
Turn   | Place    | Note
-------+----------+-------------------------------------------
     0 | D:1      | Groucho the Felid Fighter began the quest for the Orb.
     0 | D:1      | Reached XP level 1. HP: 10/10 MP: 2/2
   206 | D:1      | Reached XP level 2. HP: 12/14 MP: 3/3
   210 | D:1      | Reached skill level 1 in Stealth
  1270 | D:2      | Reached XP level 3. HP: 17/17 MP: 5/5
  1558 | D:2      | Found a faded altar of an unknown god.
  1938 | D:2      | Reached skill level 1 in Spellcasting
  3583 | D:2      | Reached XP level 4. HP: 7/21 MP: 6/6
  4603 | D:3      | Found a glowing drain.
  4607 | Sewer    | Entered a sewer
  5670 | Sewer    | Gained mutation: Your natural rate of healing is unusually
                  | fast. [potion of mutation]
  5670 | Sewer    | Gained mutation: You are partially covered in iridescent
                  | scales. (AC +2) [potion of mutation]
  5670 | Sewer    | Lost mutation: Your natural rate of healing is unusually
                  | fast. [potion of mutation]
  5670 | Sewer    | Gained mutation: You possess an exceptional clarity of
                  | mind. [potion of mutation]
  5688 | Sewer    | Slain by a river rat
  5689 | Sewer    | Reached XP level 3. HP: 0/18 MP: 6/6
  5733 | Sewer    | Reached XP level 4. HP: 19/22 MP: 7/7
  5805 | Sewer    | Reached skill level 5 in Dodging
  5812 | Sewer    | Slain by a river rat

Illustrated notes

Levels and vault maps discovered:
D:1:      ncdulo_wetmaze, layout_basic
D:2:      layout_basic, shapermc_ecumenical_altar_venn, minmay_unequal
D:3:      layout_basic, serial_shops, nicolae_lakefront_shop, shop_statue,
          nicolae_shop_temple_entry_statues_fountains, gup_sewer_entry_spiral
Sewer:    sewer_minmay_treatment

Skill      XL: |  1  2  3  4 |
---------------+-------------+-----
Stealth        | 1 2 |  2.8
Spellcasting   | 1 |  1.7
Dodging        | 5 |  5.0
Fighting       | |  3.7
Unarmed Combat | |  4.5

Action                   |  1- 3 |  4- 6 || total
-------------------------+-------+-------++-------
Melee: Unarmed           |    99 |   110 ||   209
       Punch             |     3 |     4 ||     7
       Bite              |     4 |    10 ||    14
  Use: Potion            |       |     2 ||     2
 Stab: Sleeping          |     6 |     2 ||     8
Armor: Skin              |    10 |     7 ||    17
Dodge: Dodged            |    63 |   121 ||   184
